 Dungeon Crawl Stone Soup version 0.28-a0-1594-ga885d4b3d6 (webtiles) character file.

Game seed: 6685554796656286267

3199 Hasart the Thaumaturge (level 10, -11/67 HPs)
             Began as a Djinni Earth Elementalist on Jan 20, 2022.
             Was an Initiate of Makhleb.
             Mangled by a death yak (21 damage)
             ... on level 7 of the Dungeon.
             The game lasted 00:16:13 (11024 turns).

Hasart the Thaumaturge (Djinni Earth Elementalist) Turns: 11024, Time: 00:16:14

Health: -11/67     AC:  5    Str:  7    XL:     10   Next: 17%
Gold:   387        EV: 20    Int: 21    God:    Makhleb [......] SH:  0 Dex: 14

rFire   + + +      SeeInvis .   t - +0 dagger (venom)
rCold   . . .      Faith    .   (no shield)
rNeg    . . .      Spirit   .   e - +2 robe {rC+ rF+}
rPois   ∞          Reflect  .   (no helmet)
rElec   .          Harm     .   c - +0 cloak
rCorr   .          Rampage  .   (no gloves)
Will    +....                   (boots unavailable)
Stlth   ++........              (no amulet)
HPRegen 0.21/turn               k - +4 ring of evasion
MPRegen 0.00/turn               (no ring)

@: flying
A: sickness immunity, fire resistance 2, cold vulnerability 1, float, innate
caster, hp casting, extra vitality 1
a: Renounce Religion


You were on level 7 of the Dungeon.
You worshipped Makhleb.
Makhleb was noncommittal.
You visited 2 branches of the dungeon, and saw 9 of its levels.

You collected 387 gold pieces.

Inventory:

Hand Weapons
 g - a +0 short sword
 t - a +0 dagger of venom (weapon)
Armour
 b - a +0 robe
 c - a +0 cloak (worn)
 e - a +2 robe of resistance (worn)
 s - a +0 pair of boots
Jewellery
 k - a +4 ring of evasion (left hand)
Wands
 p - a wand of acid (11)
 q - a wand of iceblast (9)
 r - a wand of polymorph (10)
Scrolls
 d - 6 scrolls of enchant weapon {unknown}
 f - a scroll of enchant armour {unknown}
 h - 4 scrolls of identify {unknown}
 i - a scroll of silence {unknown}
 j - 5 scrolls of immolation {unknown}
 m - 2 scrolls of vulnerability {unknown}
 n - 2 scrolls of noise {unknown}
 o - 2 scrolls of brand weapon {unknown}
 x - a scroll of fear {unknown}
 y - 2 scrolls of teleportation {unknown}
Potions
 a - 2 potions of might {unknown}
 l - 3 potions of attraction {unknown}
 u - a potion of flight {unknown}
 v - a potion of mutation {unknown}
 w - a potion of lignification {unknown}


   Skills:
 + Level 4.1 Fighting
 + Level 8.4 Dodging
 - Level 1.5 Stealth
 * Level 8.6 Spellcasting


You had 7 spell levels left.
You knew the following spells:

 Your Spells              Type           Power      Damage    Failure   Level
a - Sting                 Tmut/Pois      100%       1d8       1%          1
b - Passwall              Tmut/Erth      37%        N/A       1%          2
c - Stone Arrow           Conj/Erth      90%        3d12      1%          3
d - Petrify               Tmut/Erth      45%        N/A       2%          4
e - Sandblast             Erth           90%        2d19      1%          1
f - Call Imp              Summ           45%        N/A       1%          2
g - Static Discharge      Conj/Air       45%        N/A       1%          2
h - Ice Form              Ice/Tmut       45%        N/A       2%          4
Your spell library was empty.

Dungeon Overview and Level Annotations

Branches:
Dungeon (8/15)             Temple (1/1) D:5
   Lair: D:8-11

Altars:
Cheibriados
Dithmenos
Elyvilon
Fedhas
Gozag
Hepliaklqana
Kikubaaqudgha
Makhleb
Nemelex Xobeh
Okawaru
Qazlal
Ru
Sif Muna
Trog
Uskayaw
Vehumet
Wu Jian
Xom
Yredelemnul
Zin
The Shining One

Shops:
D:2 [   D:5 :   D:6 [

Annotations:
D:3 1 runed translucent door, Crazy Yiuf


Innate Abilities, Weirdness & Mutations

You are immune to sickness and miasma.
You are immune to poison.
Your flesh is very heat resistant. (rF++)
You are vulnerable to cold. (rC-)
You float through the air rather than walking.
You learn spells naturally, not from books.
Your magical power is your life essence.
You have superior vitality. (+4 MHP)


Message History

The death yak gores you!
Unknown command.
Casting: Sting (safe; 1% risk of failure)
Confirm with . or Enter, or press ? or * to list all spells.
Aiming: Sting (safe; 1% risk of failure)
Press: ? - help, Shift-Dir - straight line, f/p - death yak
Aim: a death yak (severely wounded, poisoned, 92% to hit)
The sting hits the death yak.
The death yak looks even sicker.
The death yak is severely wounded.
The death yak gores you.
Unknown command.
Casting: Sting (safe; 1% risk of failure)
Confirm with . or Enter, or press ? or * to list all spells.
Aiming: Sting (safe; 1% risk of failure)
Press: ? - help, Shift-Dir - straight line, f/p - death yak
Aim: a death yak (severely wounded, poisoned, 92% to hit)
The sting hits the death yak but does no damage.
The death yak looks even sicker.
The death yak is severely wounded.
The death yak gores you!
* * * LOW HITPOINT WARNING * * *
Casting: Sting (safe; 1% risk of failure)
Confirm with . or Enter, or press ? or * to list all spells.
Aiming: Sting (safe; 1% risk of failure)
Press: ? - help, Shift-Dir - straight line, f/p - death yak
Aim: a death yak (severely wounded, very poisoned, 92% to hit)
The sting hits the death yak.
The death yak looks even sicker.
The death yak is severely wounded.
* * * LOW HITPOINT WARNING * * *
The death yak misses you.
Okay, then.
Casting: Sting (safe; 1% risk of failure)
Confirm with . or Enter, or press ? or * to list all spells.
Aiming: Stone Arrow (safe; 1% risk of failure)
Press: ? - help, Shift-Dir - straight line, f/p - death yak
Aim: a death yak (heavily wounded, poisoned, 92% to hit)
The stone arrow misses the death yak.
* * * LOW HITPOINT WARNING * * *
The death yak gores you!!
You die...

########### ### ####.#.........
#.........# #.# #.#.........
#.........# #.# #...........
#.........#####.## #..####.####
#.)....[.....##..# #..##...#
#........†.......# ##..<..## #
#.........#.##...######.#...#####
#.........#..#...Y......#...#....
############..#.@#####....>......
##....##..........##..
##........###....:.####
###......##.......#..# #
#####....###.####.....#..# #
###.....##.# #.# #.#...#..## #
###...######.# #.# ##.##...[..###
....########.###.###..#...#).....
...###.....#.#.......##.#.#......


You could see a death yak (poisoned).

Vanquished Creatures
  6 yaks
  A hornet zombie (D:7)
  A water moccasin (D:7)
  A sky beast (D:5)
  A black bear (D:5)
  A necrophage (D:6)
  2 ogres (D:6)
  A phantom (D:6)
  3 bullfrogs (D:7)
  2 gnoll sergeants
  3 scorpions
  2 jellies
  A howler monkey (D:5)
  A crimson imp (D:7)
  5 orc priests
  4 hounds
  2 bullfrog skeletons
  3 centaur skeletons
  An iguana (D:4)
  4 orc wizards
  A hound skeleton (D:4)
  Robin (D:3)
  21 gnolls
  6 adders
  2 ufetubi
  A worm (D:2)
  5 dart slugs
  30 orcs
  5 ball pythons
  10 endoplasms
  2 giant cockroaches
  15 goblins
  8 hobgoblins
  3 quokkas
  13 bats
  3 frilled lizards
  8 kobolds
  3 rats
182 creatures vanquished.

Vanquished Creatures (others)
  2 fungi (D:2)
  17 plants
19 creatures vanquished.

Grand Total: 201 creatures vanquished

Notes
Turn   | Place    | Note
-------+----------+-------------------------------------------
     0 | D:1      | Hasart the Djinni Earth Elementalist began the quest for
                  | the Orb.
     0 | D:1      | Reached XP level 1. HP: 15/15 MP: 0/0
   324 | D:1      | Reached XP level 2. HP: 19/21 MP: 0/0
   828 | D:1      | Reached XP level 3. HP: 22/25 MP: 0/0
   828 | D:1      | Learned a level 1 spell: Sting
  1524 | D:2      | Reached XP level 4. HP: 17/31 MP: 0/0
  1728 | D:2      | Reached XP level 5. HP: 11/35 MP: 0/0
  1728 | D:2      | Learned a level 2 spell: Call Imp
  2056 | D:2      | Found Xuycusau's Armour Shop.
  2129 | D:2      | Found a faded altar of an unknown god.
  2623 | D:3      | Noticed Robin
  2835 | D:3      | Killed Robin
  2836 | D:3      | Reached XP level 6. HP: 26/40 MP: 0/0
  3197 | D:3      | Found a runed translucent door.
  3198 | D:3      | Noticed Crazy Yiuf
  4171 | D:4      | Reached XP level 7. HP: 21/45 MP: 0/0
  4171 | D:4      | Learned a level 2 spell: Static Discharge
  4622 | D:4      | Reached skill level 5 in Spellcasting
  5001 | D:4      | Reached skill level 5 in Dodging
  5146 | D:4      | Identified the +9 plate armour of the Slorg {Int-2 Dex+5}
  5834 | D:5      | Entered Level 5 of the Dungeon
  5834 | D:5      | Noticed a yak
  5865 | D:4      | Killed a yak
  5866 | D:4      | Reached XP level 8. HP: 30/50 MP: 0/0
  6334 | D:5      | Found a staircase to the Ecumenical Temple.
  6343 | Temple   | Entered the Ecumenical Temple
  7135 | D:5      | Found a hazy altar of Hepliaklqana.
  7140 | D:5      | Found a glowing silver altar of Zin.
  7140 | D:5      | Found a sparkling altar of Nemelex Xobeh.
  7333 | D:5      | Found Karop's Book Boutique.
  7600 | D:5      | Found a sacrificial altar of Ru.
  7926 | D:5      | Noticed a yak
  7926 | D:5      | Noticed a yak
  7926 | D:5      | Noticed a yak
  7929 | D:5      | Noticed a yak
  7933 | D:5      | Noticed a yak
  7941 | D:4      | Killed a yak
  7942 | D:4      | Reached XP level 9. HP: 26/55 MP: 0/0
  7942 | D:4      | Learned a level 4 spell: Ice Form
  8236 | D:5      | Reached skill level 1 in Fighting
  8935 | D:6      | Found Riw Muc's Armour Boutique.
  9006 | D:6      | Found a white marble altar of Elyvilon.
  9511 | D:6      | Found a bloodstained altar of Trog.
 10001 | D:7      | Reached XP level 10. HP: 31/67 MP: 0/0
 10261 | D:7      | Found a hide-covered altar of Uskayaw.
 10534 | D:7      | Found a shimmering altar of Xom.
 10535 | D:7      | Found a burning altar of Makhleb.
 10541 | D:7      | Became a worshipper of Makhleb the Destroyer
 10580 | D:8      | Noticed a death yak
 10815 | D:8      | Noticed a death yak
 10824 | D:8      | Noticed a death yak
 10824 | D:8      | Noticed a gargoyle
 11024 | D:7      | Mangled by a death yak

Illustrated notes

Levels and vault maps discovered:
D:1:      ebering_hopf_link, layout_rooms
D:2:      layout_basic, shapermc_ecumenical_altar_acropolis, serial_shops,
          nicolae_shop_temple_entry_statues_fountains
D:3:      layout_rooms, serial_bayou, serial_bayou_pond_a, serial_bayou_pond_a,
          serial_bayou_pond_d, serial_bayou_pond_a, grunt_decor_cap, uniq_robin,
          uniq_crazy_yiuf_cottage
D:4:      layout_loops_corners
D:5:      layout_basic, nicolae_ru_the_path_less_chosen,
          grunt_temple_overflow_open, minmay_temple_entry_poolview,
          serial_shops, nicolae_inconvenience_store
D:6:      layout_gridville, general_overflow_altar,
          nicolae_elyvilon_peaceful_grove, mainiacjoe_overflow_six_doors_small,
          serial_shops, shop, minmay_misc_feat_encased
D:7:      layout_rooms, grunt_temple_overflow_champion_of_chaos,
          mainiacjoe_overflow_small_starburst, hangedman_decor_push
D:8:      layout_rooms, dpeg_lair_monsters
Temple:   dpeg_chambers_temple

Skill      XL: |  1  2  3  4  5  6  7  8  9 10 |
---------------+-------------------------------+-----
Spellcasting   | 3 4 5 7 8 |  8.6
Dodging        | 3 4 5 6 8 |  8.4
Fighting       | 3 4 |  4.1
Stealth        | |  1.5

Action                   |  1- 3 |  4- 6 |  7- 9 | 10-12 || total
-------------------------+-------+-------+-------+-------++-------
Melee: Unarmed           |    11 |       |       |       ||    11
       Short sword       |       |     2 |    20 |       ||    22
       Punch             |       |       |     1 |       ||     1
       Dagger            |       |       |     7 |       ||     7
 Cast: Sandblast         |    33 |     1 |       |       ||    34
       Sting             |    22 |   113 |   176 |    23 ||   334
       Stone Arrow       |     2 |     7 |    29 |    20 ||    58
       Static Discharge  |       |       |     2 |       ||     2
       Call Imp          |       |       |       |     1 ||     1
Armor: Robe              |    21 |    13 |    21 |       ||    55
Dodge: Dodged            |    54 |    35 |   109 |    15 ||   213

Table legend: (Time is in decaauts)
 A = Elapsed time spent in this place.
 B = Non-inter-level travel time spent in this place.
 C = Inter-level travel time spent in this place.
 D = Time resting spent in this place.
 E = Time spent auto-exploring this place.
 F = Levels seen in this place.
 G = Mean time per level.
                   A        B        C        D        E       F      G
               +--------+--------+--------+--------+--------+-----+--------+
         Total |  11030 |  10676 |    354 |   1326 |   7949 |   9 | 1225.6 |
       Dungeon |  10772 |  10439 |    333 |   1326 |   7721 |   8 | 1346.5 |
        Temple |    257 |    236 |     21 |      0 |    228 |   1 |  257.0 |
               +--------+--------+--------+--------+--------+-----+--------+

Top non-repeatable levels by time:
     D:5: 2264 daAuts
     D:4: 2015 daAuts
     D:2: 1584 daAuts
     D:1: 1303 daAuts
     D:3: 1246 daAuts
     D:7: 1120 daAuts
     D:6: 1086 daAuts
  Temple: 257 daAuts
     D:8: 150 daAuts
